 Dungeon Crawl Stone Soup version 0.30.1-3-gfc49f6343a (webtiles) character file.

Game seed: 1253769324991834841

1646910 LordWeiramon the Skullcrusher (level 27, 249/249 HPs)
             Began as a Formicid Venom Mage on July 30, 2023.
             Was the Champion of Cheibriados.
             Escaped with the Orb
             ... and 3 runes on July 31, 2023!
             The game lasted 04:39:06 (73152 turns).

LordWeiramon the Skullcrusher (FoVM)               Turns: 73152, Time: 04:39:06

Health: 249/249    AC: 41    Str: 51    XL:     27
Magic:  27/27      EV: 41    Int: 25    God:    Cheibriados [******]
Gold:   5426       SH: 24    Dex: 32    Spells: 24/30 levels left

rFire   + + .        a - +8 great mace (protect)
rCold   + + .        e - +2 kite shield {rF+}
rNeg    + + .        R - +9 ice dragon scales
rPois   +            (helmet unavailable)
rElec   +            Z - +2 cloak {rPois}
rCorr   .            p - +2 pair of gloves {Str+3}
SInv    +            I - +2 pair of boots
Will    ++++.        L - amulet "Niakhaj" {Reflect Contam rF++ rN+ Int-5 SH+5}
Stlth   +            t - ring "Noha" {rElec Str+6}
HPRegen 0.61/turn    y - ring "Row Sapni" {rN+ Will++ AC+4 Dex+3}
MPRegen 0.20/turn

%: reflection
@: studying 2 skills, very slow
A: permanent stasis, dig shafts and tunnels, antennae 3, four strong arms, low
MP 1, screaming 1
0: Orb of Zot
}: 3/15 runes: decaying, serpentine, slimy
a: Dig, Shaft Self, Renounce Religion, Bend Time, Temporal Distortion, Slouch,
Step From Time


You escaped.
You worshipped Cheibriados.
Cheibriados was exalted by your worship.
You visited 12 branches of the dungeon, and saw 55 of its levels.
You also visited: Trove, Bailey, Gauntlet and Desolation.

You collected 9554 gold pieces.
You spent 4128 gold pieces at shops.

Inventory:

Hand Weapons
 a - a +8 great mace of protection (weapon)
 b - the +7 sceptre of Torment {pain, torment}
   (You found it on level 2 of the Crypt)
Missiles
 C - 5 throwing nets (quivered)
Armour
 e - a +2 kite shield of fire resistance (worn)
 h - the +2 cloak of the Thief {*Fog Slay-2 SInv Stlth+}
   (You acquired it on level 4 of the Depths)

   *Fog:      It may release a thick cloud of smoke when the wearer is hurt.
   Slay:      It affects your accuracy & damage with ranged weapons and melee
   (-2).
   SInv:      It lets you see invisible.
   Stlth:     It makes you more stealthy.
 p - a +2 pair of gloves of strength (worn)
 B - a +2 tower shield of reflection
 I - a +2 pair of boots (worn)
 R - +9 ice dragon scales (worn)
 X - a scarf of resistance
 Z - a +2 cloak of poison resistance (worn)
Jewellery
 g - the ring "Hecetias" {rF+ EV+5 Str-3 SInv}
   (You took it off a servant of whispers in the Desolation of Salt)

   [ring of evasion]

   EV:        It affects your evasion (+5).
   Str:       It affects your strength (-3).
   rF:        It protects you from fire.
   SInv:      It lets you see invisible.
 q - a ring of poison resistance
 t - the ring "Noha" (left hand) {rElec Str+6}
   (You acquired it on level 3 of the Snake Pit)

   [ring of strength]

   Str:       It affects your strength (+6).
   rElec:     It insulates you from electricity.
 v - the ring "Uxtasamp" {rC+ rN+}
   (You took it off an ancient champion on level 3 of the Crypt)

   [ring of protection from cold]

   rC:        It protects you from cold.
   rN:        It protects you from negative energy.
 w - the ring of the Elephant {rC+ rN+ Str+3}
   (You took it off an imperial myrmidon in the Desolation of Salt)

   [ring of protection from cold]

   Str:       It affects your strength (+3).
   rC:        It protects you from cold.
   rN:        It protects you from negative energy.
 y - the ring "Row Sapni" (right hand) {rN+ Will++ AC+4 Dex+3}
   (You took it off a frost giant on level 4 of the Depths)

   [ring of protection]

   AC:        It affects your AC (+4).
   Dex:       It affects your dexterity (+3).
   rN:        It protects you from negative energy.
   Will:      It greatly increases your willpower.
 J - a ring of resist corrosion
 L - the amulet "Niakhaj" (around neck) {Reflect Contam rF++ rN+ Int-5 SH+5}
   (You took it off a deep elf zephyrmancer on level 3 of the Elven Halls)

   [amulet of reflection]

   It reflects blocked missile attacks.
   Int:       It affects your intelligence (-5).
   rF:        It greatly protects you from fire.
   rN:        It protects you from negative energy.
   Contam:    It causes magical contamination when unequipped.
   SH:        It affects your SH (+5).
 M - the ring "Etas" {Wiz Will+ Str+2}
   (You found it in a Gauntlet)

   [ring of wizardry]

   It improves your spell success rate.
   Str:       It affects your strength (+2).
   Will:      It increases your willpower.
 P - a ring of protection from fire
 Q - the necklace of Bloodlust {Fury *Rage Will++ Int-3 Slay+6}
   (You bought it in a shop on level 10 of the Dungeon)

   [amulet of nothing]

   Fury:      It extends the wearer's berserk rage when killing foes.
   Int:       It affects your intelligence (-3).
   Slay:      It affects your accuracy & damage with ranged weapons and melee
   (+6).
   *Rage:     It berserks you when you make melee attacks (+50% chance).
   Will:      It greatly increases your willpower.
 W - a ring of flight
Wands
 l - a wand of digging (57)
 r - a wand of iceblast (24)
 s - a wand of mindburst (8)
 x - a wand of paralysis (57)
 K - a wand of flame (93)
 N - a wand of polymorph (42)
 T - a wand of light (21)
Scrolls
 d - 3 scrolls of brand weapon
 f - 10 scrolls of amnesia
 i - 13 scrolls of fog
 j - 4 scrolls of vulnerability
 k - 8 scrolls of magic mapping
 n - 14 scrolls of poison
 O - a scroll of butterflies
 Y - 10 scrolls of fear
Potions
 c - 18 potions of brilliance
 m - 8 potions of invisibility
 u - 10 potions of heal wounds
 z - 6 potions of flight
 A - 4 potions of might
 D - 4 potions of ambrosia
 E - 8 potions of magic
 F - 23 potions of curing
 G - 16 potions of mutation
 H - 2 potions of cancellation
 S - 2 potions of resistance
Miscellaneous
 U - a lightning rod (4/4)


   Skills:
 O Level 27 Fighting
 O Level 27 Maces & Flails
 - Level 18.7 Armour
 + Level 26.1 Dodging
 - Level 2.4 Stealth
 - Level 15.0 Shields
 - Level 2.1 Spellcasting
 - Level 2.8 Conjurations
 - Level 2.1 Transmutations
 - Level 1.0 Air Magic
 - Level 4.0 Poison Magic
 - Level 10.0 Invocations
 - Level 5.0 Evocations


You had 24 spell levels left.
You knew the following spells:

 Your Spells              Type           Power      Damage    Failure   Level
a - Sting                 Tmut/Pois      72%        1d6       5%          1
b - Poisonous Vapours     Pois/Air       30%        N/A       10%         2
c - Mephitic Cloud        Conj/Pois/Air  15%        N/A       19%         3

Your spell library contained the following spells:

 Spells                   Type           Power      Damage    Failure   Level
 Magic Dart               Conj           64%        1d6       6%          1
 Beastly Appendage        Tmut           26%        N/A       8%          1
 Shock                    Conj/Air       48%        1d6       9%          1
 Searing Ray              Conj           32%        2d5       9%          2
 Wereblood                Tmut           13%        N/A       12%         2
 Cigotuvi's Dreadful Rot  Necr/Pois/Air  22%        N/A       14%         2
 Momentum Strike          Conj/Tloc      18%        3d8       16%         2
 Spider Form              Tmut/Pois      18%        N/A       16%         3
 Apportation              Tloc           4%         N/A       19%         1
 Necrotise                Necr           8%         1d4       19%         1
 Sandblast                Erth           4%         2d4       19%         1
 Slow                     Hex            8%         N/A       19%         1
 Summon Small Mammal      Summ           8%         N/A       19%         1
 Passwall                 Tmut/Erth      6%         N/A       19%         2
 Ignite Poison            Fire/Tmut/Pois 12%        N/A       24%         3
 Call Imp                 Summ           4%         N/A       28%         2
 Lesser Beckoning         Tloc           4%         N/A       28%         2
 Sublimation of Blood     Necr           2%         N/A       28%         2
 Stone Arrow              Conj/Erth      18%        3d8       30%         3
 Olgreb's Toxic Radiance  Pois           22%        N/A       34%         4
 Call Canine Familiar     Summ           2%         N/A       50%         3
 Confusing Touch          Hex            2%         N/A       50%         3
 Frozen Ramparts          Ice            4%         1d1       50%         3
 Gell's Gravitas          Tloc           2%         N/A       50%         3
 Ozocubu's Armour         Ice            2%         N/A       50%         3
 Summon Guardian Golem    Hex/Summ       2%         N/A       50%         3
 Teleport Other           Tloc           2%         N/A       50%         3
 Vampiric Draining        Necr           2%         2d6       50%         3
 Volatile Blastmotes      Fire/Tloc      4%         2d10      50%         3
 Fulminant Prism          Conj/Hex       4%         3d5       71%         4
 Iskenderun's Mystic Bla  Conj/Tloc      9%         2d4       71%         4
 Airstrike                Air            4%         2d(1-17)  75%         4
 Ice Form                 Ice/Tmut       8%         N/A       75%         4
 Petrify                  Tmut/Erth      8%         N/A       75%         4
 Alistair's Intoxication  Tmut/Pois      12%        N/A       82%         5
 Iskenderun's Battlesphe  Conj           16%        2d7       85%         5
 Anguish                  Hex/Necr       1%         N/A       88%         4
 Cause Fear               Hex            1%         N/A       88%         4
 Dispel Undead            Necr           2%         3d7       88%         4
 Manifold Assault         Tloc           2%         N/A       88%         4
 Summon Ice Beast         Ice/Summ       2%         N/A       88%         4
 Irradiate                Conj/Tmut      7%         3d14      88%         5
 Blade Hands              Tmut           6%         N/A       91%         5
 Arcjolt                  Conj/Air       6%         1d16      93%         5
 Fireball                 Conj/Fire      4%         3d4       96%         5
 Freezing Cloud           Conj/Ice/Air   4%         6-21      96%         5
 Yara's Violent Unravell  Hex/Tmut       4%         3d4       97%         5
 Agony                    Necr           2%         N/A       99%         5
 Borgnjor's Vile Clutch   Necr/Erth      1%         N/A       99%         5
 Lee's Rapid Deconstruct  Erth           1%         3d4*      99%         5
 Metabolic Englaciation   Hex/Ice        1%         N/A       99%         5
 Silence                  Hex/Air        2%         N/A       99%         5
 Summon Mana Viper        Hex/Summ       2%         N/A       99%         5
 Conjure Ball Lightning   Conj/Air       6%         3x3d6     100%        6
 Death Channel            Necr           1%         N/A       100%        6
 Dispersal                Tloc           1%         N/A       100%        6
 Iron Shot                Conj/Erth      4%         9d2       100%        6
 Plasma Beam              Fire/Air       2%         2x1d14    100%        6
 Simulacrum               Ice/Necr       1%         N/A       100%        6
 Statue Form              Tmut/Erth      5%         N/A       100%        6
 Summon Cactus Giant      Summ           1%         N/A       100%        6
 Dragon Form              Tmut           6%         N/A       100%        7
 Malign Gateway           Summ/Tloc      1%         N/A       100%        7
 Monstrous Menagerie      Summ           1%         N/A       100%        7
 Orb of Destruction       Conj           8%         9d6       100%        7
 Ozocubu's Refrigeration  Ice            1%         4d7       100%        7
 Spellforged Servitor     Conj/Summ      4%         N/A       100%        7
 Storm Form               Tmut/Air       5%         N/A       100%        7
 Discord                  Hex            1%         N/A       100%        8
 Disjunction              Tloc           1%         N/A       100%        8
 Infestation              Necr           1%         N/A       100%        8
 Necromutation            Tmut/Necr      4%         N/A       100%        8
 Summon Horrible Things   Summ           1%         N/A       100%        8
 Dragon's Call            Summ           1%         N/A       100%        9
 Polar Vortex             Ice            1%         N/A       100%        9
 Blink                    Tloc           Unusable   N/A       N/A         2
 Swiftness                Air            Unusable   N/A       N/A         3
 Vhi's Electric Charge    Tloc/Air       Unusable   N/A       N/A         3

Dungeon Overview and Level Annotations

Branches:
Dungeon (15/15)            Temple (1/1) D:5            Lair (5/5) D:8
  Swamp (4/4) Lair:2        Snake (4/4) Lair:3        Slime (5/5) Lair:5
    Orc (2/2) D:9             Elf (3/3) Orc:2        Vaults (4/5) D:13
  Crypt (3/3) Vaults:3       Tomb (0/3) Crypt:3      Depths (4/4) D:15
    Zot (5/5) Depths:4     Bailey (visited)         Desolation (visited)
Gauntlet (visited)

Altars:
Ashenzari
Cheibriados
Dithmenos
Elyvilon
Fedhas
Gozag
Hepliaklqana
Kikubaaqudgha
Makhleb
Nemelex Xobeh
Okawaru
Qazlal
Ru
Sif Muna
Trog
Uskayaw
Vehumet
Wu Jian
Xom
Yredelemnul
Zin
The Shining One
Jiyva
Lugonu

Shops:
D:9 [   D:10 =   D:13 *   Orc:2 ([*=   Elf:2 !   Elf:3 *   Snake:1 **
Vaults:3 *   Vaults:4 *   Crypt:2 **   Depths:1 ::=

Portals:
Hell: Depths:1 Depths:2 Depths:3 Depths:4
Abyss: Orc:1 Depths:1 Depths:3
Pandemonium: Depths:2 Depths:3
Ziggurat: Depths:3


Innate Abilities, Weirdness & Mutations

You cannot be hasted, slowed, berserked, paralysed or teleported.
You can dig through walls and to a lower floor.
You have a pair of large antennae on your head. (SInv)
Your four strong arms can wield two-handed weapons with a shield.
Your magical capacity is low. (-10% MP)
You occasionally shout uncontrollably at your foes.


Message History

You kill the lorocyproca!
Cheibriados appreciates the change of pace.
(D) Dungeon (T) Temple (L) Lair (S) Swamp (P) Snake Pit (M) Slime Pits (O) Orcish Mines (E) Elven Halls (V) Vaults (C) Crypt (W) Tomb (U) Depths (H) Hell (Z) Zot
Where to? (Enter - D:1, ? - help)
Items here: ))) [[.
There is a stone staircase leading up here.
You climb upwards.
There is a stone staircase leading down here.
There is an escape hatch in the ceiling here.
A mysterious force pulls you upwards. The hatch slams shut behind you.
You see here a +0 war axe.
There is an open door here.
There is a fountain of sparkling water here.
There is an open door here.
There is a stone staircase leading up here.
You climb upwards.
There is a stone staircase leading down here.
You see here a +0 short sword.
There is a stone staircase leading up here.
You climb upwards.
There is a stone staircase leading down here.
There is a stone staircase leading up here.
You climb upwards.
There is a stone staircase leading down here.
Aiming: Dig
Press: ? - help, Shift-Dir - straight line A rock wall.
This square is covered in magical glow.
The rock shatters into small pieces.
Aiming: Dig
Press: ? - help, Shift-Dir - straight line A rock wall.
This square is covered in magical glow.
The rock shatters into small pieces.
There is an open door here.
There is a staircase leading out of the dungeon here.
You have escaped!

#.# #.#......####....# #.#
#########'######### #....# #.#
#.................# #.>... #.#
#.#)###########.#.# #..... #.#
#.##.#.......#.##.# #..... #.#
#.#.#.###'###(#.#.###..... #.#
#.#.#.#.....#.........###.
#.####.#.#.#.....#.#.#.###.# #.
#..'.'.#.#.'..@..'.#.#.'.'.# #.
######.#.#1#.....#.#.#.###.###.
#.#.#.#.....#.#.#.#....##.
#.#.#.###'###.#.#.#.....+.
#.##.#.......#.##.#.....#.
#.#.###########.#.#.....#.
#.................#.....#.
#########'#########..#.#.#
#.####............


You could see an Executioner.

Vanquished Creatures
  the Royal Jelly (Slime:5)
  A seraph (D:9)
  2 dread liches (Zot:5)
  3 orbs of fire
  5 ancient liches (Zot:5)
  Josephina (Crypt:3)
  The ghost of Taurus the Minotaur Barricade, a veteran MiFi of the Shining One (Depths:4)
  3 royal mummies (Crypt:2)
  Parghit (Zot:3)
  Bai Suzhen (Vaults:3)
  Vv (Zot:1)
  6 Killer Klowns
  Margery (Vaults:4)
  3 pandemonium lords
  The ghost of Rolofrus the Executioner, a veteran FoFi of Dithmenos (Crypt:2)
  Vashnia (Snake:2)
  3 caustic shrikes (Depths:4)
  2 curse toes (Zot:2)
  10 golden dragons
  A profane servitor (Depths:3)
  4 electric golems
  3 bone dragons
  A Brimstone Fiend (D:12)
  A Hell Sentinel (D:12)
  Mlioglotl (Snake:1)
  12 tentacled monstrosities
  7 liches
  28 Orb Guardians
  A titan (Zot:2)
  7 quicksilver dragons
  A walking earthen tome (Depths:3)
  2 deep elf blademasters (Elf:3)
  23 acid blobs
  2 deep elf master archers (Elf:3)
  13 death cobs
  8 ancient champions
  Kirke (Elf:1)
  Frances (Swamp:2)
  2 thorn hunters
  6 sphinxes
  5 tengu reavers
  9 shadow dragons
  7 nagarajas
  10 storm dragons
  11 draconian monks
  7 azure jellies
  5 draconian knights
  The ghost of Xefoolos the Tortoise, an adept DjFE of Makhleb (Snake:1)
  Roxanne (Swamp:3)
  4 revenants
  11 rockslimes
  8 fire giants
  5 deep elf sorcerers
  8 frost giants
  4 curse skulls
  7 angels
  A caustic shrike zombie (Crypt:3)
  3 imperial myrmidons (Desolation)
  4 orc warlords
  The ghost of suzumiya the Bludgeoner, a journeyman MiFi of Gozag (Orc:1)
  8 vault wardens
  7 draconian scorchers
  6 ghouls
  5 deep elf elementalists (Elf:3)
  A juggernaut zombie (Crypt:3)
  7 draconian annihilators
  5 very ugly things
  A draconian shifter (Zot:1)
  2 juggernaut skeletons
  2 reapers
  3 draconian stormcallers
  2 spriggan defenders (Depths:2)
  A cacodemon (Zot:2)
  17 ironbound preservers
  6 ironbound thunderhulks
  Aizul (Swamp:2)
  17 stone giants
  12 quicksilver oozes
  3 war gargoyles
  6 vampire knights
  A caustic shrike skeleton (Depths:2)
  14 black draconians
  6 eleionomae
  8 green draconians
  A lorocyproca (D:6)
  2 deep elf annihilators (Elf:3)
  6 deep elf demonologists (Elf:3)
  2 halazid warlocks (Desolation)
  7 yellow draconians
  10 dire elephants
  8 red draconians
  2 spark wasps (Depths:3)
  19 white draconians
  A minotaur (Gauntlet)
  16 purple draconians
  3 bunyips
  9 deep elf death magi
  2 blizzard demons (Depths:4)
  6 fire dragons
  12 ettins
  5 mummy priests
  An eidolon (Crypt:2)
  14 great orbs of eyes
  4 ragged hierophants (Desolation)
  A shambling mangrove (Swamp:3)
  9 yaktaur captains
  4 jiangshi
  3 rakshasas
  4 crystal guardians
  5 vault guards (Vaults:4)
  2 deep elf high priests
  13 ice dragons
  5 servants of whispers (Desolation)
  Harold (D:9)
  3 salamander tyrants
  16 hydras
  4 spriggan air magi
  2 ogre magi
  13 peacekeepers
  11 alligators
  2 catoblepae
  A hell beast (D:12)
  A bennu zombie (Crypt:3)
  3 ghost crabs (Swamp:4)
  2 spriggan skeletons (Crypt:3)
  6 anacondas
  7 centaur warriors
  A merfolk avatar (Lair:5)
  2 death knights
  2 tengu warriors (Depths:3)
  5 boulder beetles
  7 deep troll shamans
  An azure jelly zombie (Crypt:3)
  7 ironbound frosthearts
  13 naga warriors
  21 dancing weapons
  3 death yaks (Lair:4)
  13 two-headed ogres
  6 deep troll earth magi
  13 naga sharpshooters
  9 spriggan berserkers
  Urug (Orc:1)
  An orc high priest (Orc:2)
  5 vampire magi
  A thrashing horror (Orc:1)
  Nergalle (D:11)
  2 shock serpents (Snake:3)
  An emperor scorpion zombie (Crypt:1)
  19 deep elf knights
  2 sun demons (Depths:3)
  A soul eater (Depths:3)
  29 spriggans
  17 skeletal warriors
  A titan skeleton (Crypt:3)
  2 sixfirhies (Zot:2)
  24 hell knights
  9 salamander mystics
  2 skysharks (Lair:5)
  7 iron trolls
  A sea snake (shapeshifter) (D:15)
  A sea snake (Snake:4)
  Amaemon (Lair:2)
  3 spriggan druids
  A bunyip zombie (Crypt:3)
  4 goliath frogs
  An anaconda zombie (Crypt:2)
  3 shadow wraiths
  2 quicksilver dragon simulacra
  A cherub (D:9)
  3 storm dragon skeletons
  11 bog bodies
  A spectral hydra (Swamp:4)
  5 flayed ghosts
  68 deep trolls
  8 naga ritualists
  8 wizards
  18 ironbound convokers
  7 swamp dragons
  3 spriggan simulacra
  3 glowing orange brains
  28 deep elf pyromancers
  2 obsidian statues
  11 deep elf archers
  10 necromancers
  9 lindwurms
  6 harpies
  25 deep elf zephyrmancers
  2 orc knights
  7 phantasmal warriors
  An orc sorcerer (Orc:2)
  3 shining eyes
  10 mana vipers
  33 ugly things
  A frost giant zombie (D:15)
  A tengu skeleton (Vaults:1)
  20 salamanders
  5 will-o-the-wisps
  5 cyclopes
  4 manticores
  36 moths of wrath
  A rust devil (Depths:3)
  A stone giant skeleton (Crypt:3)
  2 oklob plants
  2 fire giant skeletons
  A smoke demon (Depths:3)
  Maurice (D:10)
  43 black mambas
  4 eyes of devastation
  11 elephants
  15 naga magi
  A storm dragon simulacrum (Depths:4)
  A black mamba (shapeshifter) (Elf:2)
  6 guardian serpents
  9 cane toads
  A demonic crawler (D:14)
  2 titan simulacra (Depths:4)
  5 molten gargoyles (Desolation)
  An orange demon (Lair:2)
  4 gargoyles
  2 torpor snails (Lair:5)
  9 vault sentinels
  2 white draconian zombies
  An unseen horror (shapeshifter) (Depths:3)
  3 efreet
  5 swamp worm zombies
  11 komodo dragons
  2 unseen horrors
  5 tengu conjurers
  4 ice devils
  3 freezing wraiths
  21 yaktaurs
  An alligator snapping turtle skeleton (Crypt:3)
  A tormentor (Depths:3)
  2 rime drakes
  A grey draconian zombie (Crypt:2)
  An anaconda simulacrum (Crypt:3)
  2 golden dragon simulacra
  11 guardian mummies
  A polar bear (shapeshifter) (D:11)
  6 hydra zombies
  A minotaur skeleton (Crypt:3)
  3 wind drakes (Lair:5)
  2 hellwings (Depths:3)
  A raiju (Orc:1)
  3 meliai
  8 tyrant leeches
  22 hornets
  2 bloated husks
  2 tengu simulacra (Depths:4)
  16 trolls
  2 polar bears (Lair:4)
  2 alligator zombies (Swamp:4)
  19 blink frogs
  41 saltlings (Desolation)
  2 spectral swamp dragons (Swamp:4)
  5 spriggan zombies
  An iron dragon simulacrum (Depths:2)
  117 slime creatures
  3 centaur simulacra
  A fire dragon zombie (Crypt:1)
  7 flying skulls
  3 vampires
  4 shadows
  3 air elementals (Elf:3)
  An ushabti (Crypt:3)
  36 yaks
  2 water elementals
  11 wraiths
  3 wyverns
  3 ynoxinuls
  2 fire elementals
  5 hogs (Elf:1)
  12 humans (D:13)
  2 basilisks
  A neqoxec (Zot:2)
  A redback (shapeshifter) (Elf:2)
  4 chaos spawn
  7 vampire mosquitoes
  A yaktaur simulacrum (Vaults:1)
  8 golden eyes
  Grum (D:9)
  39 nagas
  4 steam dragons
  A faun zombie (Crypt:2)
  4 wargs
  18 swamp worms
  19 water moccasins
  2 acid dragons
  A floating eye (shapeshifter) (Zot:1)
  A floating eye (Gauntlet)
  A swamp drake (Swamp:2)
  A water nymph skeleton (Crypt:2)
  An ice beast (D:8)
  34 orc warriors
  3 black bears
  A boggart (Depths:3)
  2 sky beasts (D:7)
  A swamp dragon zombie (Swamp:4)
  A blink frog zombie (Crypt:2)
  18 wolves
  13 ogres
  A snapping turtle skeleton (Crypt:3)
  3 centaurs
  A kobold brigand (D:5)
  5 phantoms
  3 scorpions
  3 necrophages
  3 bullfrogs
  A water moccasin zombie (Crypt:2)
  2 earth elementals
  A warg zombie (Crypt:1)
  7 wights
  7 small abominations
  3 killer bees (D:9)
  14 electric eels
  A polar bear skeleton (Crypt:2)
  5 howler monkeys
  9 hounds
  4 gnoll boudas
  3 jellies
  23 orc priests
  A scorpion zombie (Crypt:3)
  A spectral swamp drake (Swamp:4)
  A boggart zombie (Crypt:3)
  7 iguanas
  29 orc wizards
  2 sleepcaps
  An acid dragon skeleton (Crypt:2)
  An ogre skeleton (Crypt:1)
  A howler monkey zombie (Crypt:1)
  7 adders
  30 gnolls
  3 swamp drake zombies (Swamp:4)
  A shadow imp (D:7)
  An ufetubus (D:5)
  2 worms
  2 dart slugs (D:1)
  100 orcs
  5 ball pythons
  4 bats
  8 endoplasms
  3 giant cockroaches
  10 goblins
  8 hobgoblins
  4 jackals
  4 quokkas
  4 frilled lizards
  A gnoll skeleton (Crypt:3)
  8 kobolds
  7 rats
  A butterfly (Zot:1)
  2 foxfires (Swamp:4)
2371 creatures vanquished.

Vanquished Creatures (others)
  A pandemonium lord (Depths:3)
  A bone dragon (Swamp:4)
  A draconian knight (Zot:4)
  A green death (Depths:3)
  4 deep elf knights (Elf:2)
  A deep elf pyromancer (Elf:3)
  A will-o-the-wisp (Swamp:2)
  A hydra zombie (Swamp:4)
  3 bloated husks (Swamp:4)
  A hellwing (Depths:3)
  A slime creature (Slime:4)
  A vampire mosquito (Swamp:2)
  A phantom (Swamp:4)
  A swamp drake zombie (Swamp:4)
  12 foxfires
31 creatures vanquished.

Grand Total: 2402 creatures vanquished

Notes
Turn   | Place    | Note
-------+----------+-------------------------------------------
     0 | D:1      | LordWeiramon the Formicid Venom Mage began the quest for
                  | the Orb.
     0 | D:1      | Reached XP level 1. HP: 13/13 MP: 3/3
   304 | D:1      | Reached XP level 2. HP: 19/19 MP: 3/5
   307 | D:1      | Learned a level 2 spell: Poisonous Vapours
   646 | D:1      | Reached skill level 1 in Air Magic
   845 | D:1      | Reached XP level 3. HP: 23/24 MP: 2/6
   946 | D:1      | Reached skill level 1 in Maces & Flails
  1118 | D:1      | Reached skill level 1 in Fighting
  1348 | D:2      | You fall into a shaft and drop 1 floor!
  1671 | D:2      | Found a shimmering altar of Xom.
  1705 | D:2      | Identified the +1 pair of gloves of Dishonour {Harm}
  1714 | D:2      | Reached XP level 4. HP: 33/33 MP: 5/7
  3601 | D:2      | Reached XP level 5. HP: 30/38 MP: 5/8
  3951 | D:4      | Reached XP level 6. HP: 38/44 MP: 9/9
  4140 | D:4      | Reached skill level 5 in Maces & Flails
  4338 | D:4      | Reached XP level 7. HP: 45/50 MP: 10/10
  4753 | D:5      | Entered Level 5 of the Dungeon
  4810 | D:5      | Found a staircase to the Ecumenical Temple.
  4823 | Temple   | Entered the Ecumenical Temple
  5040 | Temple   | Became a worshipper of Cheibriados the Contemplative
  5313 | D:5      | Reached skill level 5 in Evocations
  5442 | D:5      | Reached XP level 8. HP: 58/58 MP: 6/11
  5755 | D:5      | Reached * piety under Cheibriados
  5891 | D:5      | Found a sparkling altar of Nemelex Xobeh.
  6480 | D:6      | Learned a level 3 spell: Mephitic Cloud
  6483 | D:6      | Noticed a vampire
  6491 | D:6      | Killed a vampire
  6492 | D:6      | Reached skill level 5 in Fighting
  6496 | D:6      | Reached XP level 9. HP: 68/68 MP: 12/12
  6564 | D:5      | Reached skill level 1 in Armour
  7324 | D:6      | Reached ** piety under Cheibriados
  7630 | D:7      | Reached skill level 5 in Armour
  7750 | D:7      | Found a burning altar of Makhleb.
  8692 | D:8      | Found an iron altar of Okawaru.
  8713 | D:8      | Reached skill level 5 in Dodging
  8730 | D:8      | Found an ornate altar of the Wu Jian Council.
  8853 | D:8      | Found a flagged portal.
  8898 | Bailey   | Entered a bailey
  8940 | Bailey   | Reached *** piety under Cheibriados
  9022 | Bailey   | Reached skill level 1 in Conjurations
  9170 | Bailey   | Reached XP level 10. HP: 56/74 MP: 7/13
  9454 | D:8      | Noticed an unseen horror
  9482 | D:8      | Killed an unseen horror
  9868 | D:8      | Reached **** piety under Cheibriados
  9883 | D:8      | Reached skill level 10 in Maces & Flails
 10310 | D:8      | Found a shimmering altar of Xom.
 10400 | D:8      | Found a staircase to the Lair.
 10995 | D:8      | Found a broken altar of Ashenzari.
 11435 | D:9      | Noticed a centaur warrior
 11512 | D:9      | Noticed Grum
 11660 | D:9      | Killed Grum
 11848 | D:8      | Reached XP level 11. HP: 80/80 MP: 14/14
 11859 | D:9      | Reached skill level 1 in Invocations
 12164 | D:9      | Noticed Harold
 12177 | D:9      | Found a staircase to the Orcish Mines.
 12177 | D:9      | Found Arof's Armour Shoppe.
 12201 | D:9      | Reached ***** piety under Cheibriados
 12323 | D:9      | Bought a +3 plate armour of cold resistance for 585 gold
                  | pieces
 12399 | D:10     | Entered Level 10 of the Dungeon
 12423 | D:10     | Reached skill level 5 in Invocations
 12501 | D:10     | Identified the +1 leather armour "Zyfurph Hyil" {Str+4}
 12578 | D:10     | Found Dinaf's Jewellery Shop.
 13266 | D:10     | Noticed Maurice
 13286 | D:10     | Killed Maurice
 13588 | D:11     | Noticed Nergalle
 13615 | D:11     | Killed Nergalle
 13964 | D:11     | Found a glowing golden altar of the Shining One.
 13976 | D:11     | Noticed a two-headed ogre
 13987 | D:11     | Killed a two-headed ogre
 14105 | D:11     | Identified 2 scrolls of acquirement
 14106 | D:11     | Acquired the +2 dire flail "Ozouga" {drain, *Rage rC++}
 14219 | Lair:1   | Entered Level 1 of the Lair of Beasts
 14219 | Lair:1   | Found a gate leading to a gauntlet.
 14223 | Gauntlet | Entered a Gauntlet
 14223 | Gauntlet | Noticed a fire crab
 14223 | Gauntlet | Found a transporter.
 14223 | Gauntlet | Found a transporter.
 14223 | Gauntlet | Found a transporter.
 14232 | Gauntlet | Found a transporter.
 14239 | Gauntlet | Found a transporter.
 14246 | Gauntlet | Found a transporter.
 14261 | Gauntlet | Found a transporter.
 14277 | Gauntlet | Found a transporter.
 14291 | Gauntlet | Found a transporter.
 14302 | Gauntlet | Found a transporter.
 14313 | Gauntlet | Noticed a cyan ugly thing
 14315 | Gauntlet | Noticed a green ugly thing
 14328 | Gauntlet | Noticed a great orb of eyes
 14346 | Gauntlet | Found a transporter.
 14359 | Gauntlet | Found a transporter.
 14431 | Gauntlet | Reached skill level 10 in Armour
 14447 | Gauntlet | Identified the ring "Zijoze Duko" {rN+ rCorr Str-5 Int+2
                  | SInv Stlth+}
 14475 | Gauntlet | Identified the ring "Etas" {Wiz Will+ Str+2}
 14495 | Gauntlet | Reached XP level 12. HP: 69/86 MP: 11/15
 14660 | Gauntlet | Noticed a minotaur
 14669 | Gauntlet | Killed a minotaur
 15203 | Lair:1   | You fall into a shaft and drop 1 floor!
 15418 | Lair:2   | Noticed a six-headed hydra
 15424 | Lair:2   | Reached ****** piety under Cheibriados
 15436 | Lair:2   | Killed a six-headed hydra
 15626 | Lair:1   | Reached skill level 10 in Dodging
 15901 | Lair:1   | Reached XP level 13. HP: 73/91 MP: 11/16
 16201 | D:10     | Bought the necklace of Bloodlust {Fury *Rage Will++ Int-3
                  | Slay+6} for 543 gold pieces
 16201 | D:10     | Found the necklace of Bloodlust {Fury *Rage Will++ Int-3
                  | Slay+6}
 16336 | Lair:2   | Noticed an eight-headed hydra
 16343 | Lair:2   | Killed an eight-headed hydra
 16395 | Lair:2   | Noticed Amaemon
 16409 | Lair:2   | Killed Amaemon
 16882 | Lair:2   | Noticed a six-headed hydra
 16882 | Lair:2   | Noticed a five-headed hydra
 16889 | Lair:2   | Killed a six-headed hydra
 16893 | Lair:2   | Killed a five-headed hydra
 16994 | Lair:2   | Found a staircase to the Swamp.
 17394 | Lair:3   | Found a staircase to the Snake Pit.
 18711 | Lair:4   | Reached XP level 14. HP: 108/108 MP: 17/17
 19010 | Lair:5   | Entered Level 5 of the Lair of Beasts
 19055 | Lair:5   | Reached skill level 10 in Fighting
 19385 | Lair:5   | Found a viscous altar of Jiyva.
 19385 | Lair:5   | Found a staircase to the Slime Pits.
 19543 | Lair:5   | Reached skill level 10 in Invocations
 19991 | Lair:5   | Reached skill level 15 in Maces & Flails
 20964 | D:11     | Reached XP level 15. HP: 86/115 MP: 22/22
 21561 | D:9      | Killed Harold
 23169 | D:13     | Found Dothelim's Blood Bar.
 23624 | D:13     | Found a gate to the Vaults.
 23629 | D:13     | Identified the +5 glaive of Quetekk {heavy, *Slow +Blink
                  | rElec Dex-3}
 24690 | D:15     | Entered Level 15 of the Dungeon
 25077 | D:15     | Found a staircase to the Depths.
 25264 | D:15     | Reached XP level 16. HP: 34/122 MP: 23/23
 26223 | D:15     | Acquired a manual of Armour
 26225 | D:15     | Acquired 717 gold pieces
 26368 | Orc:1    | Entered Level 1 of the Orcish Mines
 26446 | Orc:1    | Found a transporter.
 26453 | Orc:1    | Found a one-way gate to the infinite horrors of the Abyss.
 26453 | Orc:1    | Noticed suzumiya's ghost (journeyman MiFi)
 26480 | Orc:1    | Found a transporter.
 26572 | Orc:1    | Noticed Urug
 26583 | Orc:1    | Killed Urug
 27039 | Orc:2    | Entered Level 2 of the Orcish Mines
 27127 | Orc:2    | Found a staircase to the Elven Halls.
 27405 | Orc:2    | Found Liginn's Assorted Antiques.
 27413 | Orc:2    | Bought a glowing great mace for 351 gold pieces
 27838 | Orc:2    | Found Suocotap's Antique Armour Boutique.
 27844 | Orc:2    | Found Jeghyoz's Antique Weapon Shop.
 27864 | Orc:2    | Bought a polished buckler for 247 gold pieces
 27864 | Orc:2    | Identified the +2 buckler "Forget-Me-Not" {rElec Regen+
                  | Slay-4} (You bought it in a shop on level 2 of the Orcish
                  | Mines)
 27864 | Orc:2    | Bought a pair of glowing gloves for 195 gold pieces
 27956 | Orc:2    | Found Ylaan's Jewellery Boutique.
 28008 | Orc:2    | Bought a ring of poison resistance for 260 gold pieces
 28317 | Swamp:1  | Entered Level 1 of the Swamp
 28583 | Swamp:1  | Reached skill level 15 in Armour
 28664 | Swamp:1  | Reached skill level 1 in Shields
 28861 | Swamp:1  | Found an ancient bone altar of Kikubaaqudgha.
 28930 | Swamp:1  | Reached skill level 5 in Shields
 29509 | Swamp:2  | Reached XP level 17. HP: 128/128 MP: 24/24
 29592 | Swamp:2  | Noticed Frances
 29599 | Swamp:2  | Killed Frances
 29786 | Swamp:2  | Noticed Aizul
 29801 | Swamp:2  | Killed Aizul
 30175 | Swamp:3  | Noticed a thorn hunter
 30186 | Swamp:3  | Killed a thorn hunter
 30977 | Swamp:3  | Identified Roxanne's Writings on Transformation
 30977 | Swamp:3  | Noticed Roxanne
 31082 | Swamp:4  | Entered Level 4 of the Swamp
 31329 | Swamp:4  | Noticed a thorn hunter
 31338 | Swamp:4  | Killed a thorn hunter
 31493 | Swamp:4  | Found a basalt altar of Yredelemnul.
 32519 | Swamp:4  | Noticed a bone dragon
 32530 | Swamp:4  | Killed a bone dragon
 32729 | Swamp:4  | Got a decaying rune of Zot
 32945 | Snake:1  | Entered Level 1 of the Snake Pit
 32959 | Lair:3   | Reached XP level 18. HP: 137/141 MP: 25/25
 33120 | Snake:1  | Found Xotorav's Assorted Antiques.
 33127 | Snake:1  | Bought a scroll labelled DECYDA BETE for 40 gold pieces
 33127 | Snake:1  | Bought a crooked lead wand for 160 gold pieces
 33130 | Snake:1  | Bought a pair of runed gloves for 300 gold pieces
 33162 | Snake:1  | Found Wixycly's General Store.
 33162 | Snake:1  | Found Becseeku's Antique Weapon Shop.
 33175 | Snake:1  | Bought a scroll of fog for 60 gold pieces
 33358 | Snake:1  | Noticed Mlioglotl
 33369 | Snake:1  | Killed Mlioglotl
 33672 | Snake:1  | Noticed Xefoolos's ghost (adept DjFE)
 33813 | Snake:1  | Found a runed translucent door.
 34227 | Snake:1  | Killed Xefoolos's ghost
 35308 | Snake:2  | Noticed Vashnia
 35353 | Snake:2  | Killed Vashnia
 35362 | Snake:2  | Reached skill level 15 in Fighting
 36111 | Snake:3  | Acquired the ring "Noha" {rElec Str+6}
 36518 | Snake:4  | Entered Level 4 of the Snake Pit
 36587 | Snake:4  | Identified the +1 robe of the Snake Pit {rCorr Str+5}
 37128 | Snake:4  | Reached XP level 19. HP: 143/148 MP: 26/26
 37215 | Snake:4  | Reached skill level 15 in Dodging
 37918 | Snake:4  | Got a serpentine rune of Zot
 38680 | Elf:1    | Entered Level 1 of the Elven Halls
 39066 | Elf:1    | Noticed Kirke
 39087 | Elf:1    | Killed Kirke
 39479 | Elf:1    | Acquired a manual of Dodging
 39701 | Elf:2    | Found a portal to a secret trove of treasure.
 39813 | Elf:2    | You paid a toll of 4 potions of resistance to enter a
                  | treasure trove
 39814 | Trove    | Entered a treasure trove
 39822 | Trove    | Identified the +2 great sword of Disgust {chaos, rCorr
                  | Str+2}
 39831 | Trove    | Identified the +4 great mace of Owiukhlet {heavy, Str+2}
 39942 | Elf:2    | Reached XP level 20. HP: 119/162 MP: 27/27
 40076 | Elf:2    | Found a runed translucent gate.
 40076 | Elf:2    | Found a runed translucent gate.
 40078 | Elf:2    | Found a runed translucent gate.
 40505 | Elf:2    | Found Xetih's Distillery.
 40515 | Elf:2    | Bought a potion of flight for 57 gold pieces
 40515 | Elf:2    | Bought a potion of flight for 57 gold pieces
 40515 | Elf:2    | Bought a potion of curing for 57 gold pieces
 40515 | Elf:2    | Bought a potion of curing for 57 gold pieces
 40515 | Elf:2    | Bought a potion of flight for 57 gold pieces
 40515 | Elf:2    | Bought a potion of curing for 57 gold pieces
 41065 | Elf:3    | Entered Level 3 of the Elven Halls
 41451 | Elf:3    | Found a radiant altar of Vehumet.
 41724 | Elf:3    | Found Hoemmup's CLEARANCE SALE!.
 41773 | Elf:3    | Bought a scroll of acquirement for 104 gold pieces
 41773 | Elf:3    | Bought a scroll of magic mapping for 15 gold pieces
 41774 | Elf:3    | Acquired 1058 gold pieces
 41843 | Elf:3    | Identified the +8 war axe "Salis" {venom, rPois rC+++
                  | Str-4}
 42668 | Elf:3    | Identified the +5 spear of the Philosopher {speed, Int+4}
 42683 | Elf:3    | Identified the staff of death "Gootut" {rF- rN+ Will++
                  | Dex+5}
 42686 | Elf:3    | Identified the ring "Zeegesa" {Ice Fly rN+ Stlth+}
 42692 | Elf:3    | Identified the amulet "Niakhaj" {Reflect Contam rF++ rN+
                  | Int-5 SH+5}
 42912 | Elf:3    | Reached XP level 21. HP: 158/168 MP: 28/28
 43041 | Elf:3    | Identified the +3 scale mail "Ebeen" {MP-9 Int+4 Dex+4}
 43048 | Elf:3    | Identified the staff of earth "Nomoilea" {rC+ rCorr Str-4}
 43056 | Elf:3    | Got Oqimuafu's Parchment of Shapeshifting
 43077 | Elf:3    | Identified the +2 short sword of Yrhej {venom, rN+ Int+2
                  | Dex-2}
 43078 | Elf:3    | Identified the staff of poison "Vofu" {rPois rF- rN+ Dex+4}
 43367 | Vaults:1 | Entered Level 1 of the Vaults
 43411 | Vaults:1 | Reached skill level 10 in Shields
 44992 | Vaults:2 | Found a glowing golden altar of the Shining One.
 44992 | Vaults:2 | Found a glowing silver altar of Zin.
 44992 | Vaults:2 | Found a crumbling gateway.
 45004 | Vaults:2 | Found a white marble altar of Elyvilon.
 45087 | Desolati | Entered the Desolation of Salt
 45095 | Desolati | Reached skill level 15 in Shields
 45702 | Desolati | Identified the ring of the Elephant {rC+ rN+ Str+3}
 45715 | Desolati | Reached XP level 22. HP: 163/175 MP: 29/29
 45827 | Desolati | Found the +10 Black Knight's barding {ponderous, rPois rN+}
 45842 | Desolati | Got Sif Muna's Notes on Viridian Malisons
 45895 | Desolati | Identified the +0 robe of Orthodoxy {Harm rPois Str+3
                  | Slay-4}
 45895 | Desolati | Identified the ring "Hecetias" {rF+ EV+5 Str-3 SInv}
 45933 | Desolati | Got the Grimoire of Called Lightning
 46530 | Vaults:2 | You fall into a shaft and drop 2 floors!
 47654 | Vaults:4 | Noticed Margery
 47665 | Vaults:4 | Killed Margery
 48437 | Vaults:4 | Found Revube's General Store.
 48445 | Vaults:4 | Bought a potion of invisibility for 128 gold pieces
 49007 | Vaults:3 | Noticed Bai Suzhen
 49025 | Vaults:3 | Killed Bai Suzhen
 49026 | Vaults:3 | Reached XP level 23. HP: 165/181 MP: 30/30
 49481 | Vaults:3 | Found Goyddeoq's Assorted Antiques.
 49489 | Vaults:3 | Bought 2 potions of curing for 210 gold pieces
 49489 | Vaults:3 | Bought a scroll of fear for 140 gold pieces
 49639 | Vaults:3 | Found a staircase to the Crypt.
 51161 | Crypt:1  | Entered Level 1 of the Crypt
 52342 | Crypt:2  | Noticed a royal mummy
 52350 | Crypt:2  | Killed a royal mummy
 52519 | Crypt:2  | Noticed a royal mummy
 52525 | Crypt:2  | Killed a royal mummy
 52529 | Crypt:2  | Noticed a royal mummy
 52537 | Crypt:2  | Killed a royal mummy
 52663 | Crypt:2  | Found the +7 sceptre of Torment {pain, torment}
 53180 | Crypt:2  | Found a runed translucent gate.
 53181 | Crypt:2  | Found a runed translucent gate.
 53181 | Crypt:2  | Found an opulent altar of Gozag.
 53182 | Crypt:2  | Found a runed translucent gate.
 53183 | Crypt:2  | Noticed Rolofrus's ghost (veteran FoFi)
 53185 | Crypt:2  | Found Ogyxu's Assorted Antiques.
 53186 | Crypt:2  | Found Yxzidad's Assorted Antiques.
 53213 | Crypt:2  | Killed Rolofrus's ghost
 53532 | Crypt:2  | Bought a potion of curing for 69 gold pieces
 53556 | Crypt:2  | Bought a scroll of enchant weapon for 247 gold pieces
 53556 | Crypt:2  | Bought a potion of might for 132 gold pieces
 53702 | Crypt:3  | Entered Level 3 of the Crypt
 53729 | Crypt:3  | Reached XP level 24. HP: 188/188 MP: 30/30
 53898 | Crypt:3  | Identified the ring "Icioz" {Ice rElec Str+2}
 53898 | Crypt:3  | Noticed Josephina
 53911 | Crypt:3  | Killed Josephina
 54382 | Crypt:3  | Found a staircase to the Tomb.
 54537 | Crypt:3  | Identified the ring "Uxtasamp" {rC+ rN+}
 55033 | Crypt:3  | Acquired 715 gold pieces
 55176 | Crypt:3  | Identified the +2 mace of Hejaisar {pain, rC+}
 55469 | Crypt:3  | Found a basalt altar of Yredelemnul.
 55500 | Crypt:3  | Reached skill level 27 in Maces & Flails
 55510 | Crypt:3  | Found an ancient bone altar of Kikubaaqudgha.
 55549 | Crypt:3  | Identified the staff of fire "Suoqonec" {rElec rF+ rC+++
                  | Int-3 Stlth-}
 55551 | Crypt:3  | Got Kikubaaqudgha's Vellum of Mortification
 55958 | Depths:1 | Entered Level 1 of the Depths
 56101 | Depths:1 | Found a gateway to Hell.
 56374 | Depths:1 | Found a white marble altar of Elyvilon.
 56446 | Depths:1 | Found Waekhlil's Jewellery Shoppe.
 56447 | Depths:1 | Found Namoalaxel's Book Boutique.
 56447 | Depths:1 | Found Citoer's Book Boutique.
 57100 | Depths:2 | Reached XP level 25. HP: 202/202 MP: 30/30
 57419 | Depths:2 | Found a one-way gate leading to the halls of Pandemonium.
 58467 | Orc:1    | Killed suzumiya's ghost
 58742 | Swamp:3  | Killed Roxanne
 59240 | Depths:3 | Found a corrupted altar of Lugonu.
 59375 | Depths:3 | Found a shimmering blue altar of Sif Muna.
 59379 | Depths:3 | Found a transporter.
 59379 | Depths:3 | Identified the amulet "Guipy" {Faith rN+}
 59640 | Depths:3 | Found a one-way gateway to a ziggurat.
 59957 | Depths:3 | Found a transporter.
 59990 | Depths:3 | Identified the scarf of the Ninety-Nine Moons {+Inv, rElec
                  | rC+ Will+ Str-5 SInv}
 60045 | Depths:4 | Entered Level 4 of the Depths
 60431 | Depths:4 | Found a hide-covered altar of Uskayaw.
 60656 | Depths:4 | Noticed a caustic shrike
 60656 | Depths:4 | Noticed a caustic shrike
 60656 | Depths:4 | Noticed a caustic shrike
 60661 | Depths:4 | Killed a caustic shrike
 60662 | Depths:4 | Reached XP level 26. HP: 218/220 MP: 30/30
 60937 | Depths:4 | Found a runed translucent gate.
 60938 | Depths:4 | Found a runed translucent gate.
 60938 | Depths:4 | Found a runed translucent gate.
 60958 | Depths:4 | Noticed Taurus's ghost (veteran MiFi)
 61099 | Depths:4 | Identified the ring of Vulariof {Fire Str+5 Int-2 Dex+4}
 61158 | Depths:4 | Found a gate to the Realm of Zot.
 61186 | Depths:4 | Acquired the +2 cloak of the Thief {*Fog Slay-2 SInv
                  | Stlth+}
 61186 | Depths:4 | Found the +2 cloak of the Thief {*Fog Slay-2 SInv Stlth+}
 61254 | Depths:4 | Identified the ring "Row Sapni" {rN+ Will++ AC+4 Dex+3}
 61439 | Depths:4 | Killed Taurus's ghost
 61581 | Depths:4 | Got the Treatise on Beckoning and the Deep Freeze
 61915 | Slime:1  | Entered Level 1 of the Pits of Slime
 64255 | Slime:5  | Entered Level 5 of the Pits of Slime
 64643 | Slime:5  | Noticed the Royal Jelly
 64655 | Slime:5  | Killed the Royal Jelly
 64708 | Slime:5  | Found the +8 demon blade "Leech" {evervamp, Harm Drain rN+}
 64732 | Slime:5  | Identified the +10 shortbow of Qupsezuo {drain, rElec MP-9
                  | Str+2 Dex+5}
 64750 | Slime:5  | Got the Vellum of the Pyre and Shapes
 64784 | Slime:5  | Identified the +5 bardiche of Harmony {freeze, rElec Will-
                  | Str+7 Int-2}
 64803 | Slime:5  | Got the Octavo of the Bloody Congregation
 64805 | Slime:5  | Got a slimy rune of Zot
 65400 | Zot:1    | Entered Level 1 of the Realm of Zot
 65440 | Zot:1    | Reached XP level 27. HP: 231/241 MP: 30/30
 65527 | Zot:1    | Noticed Vv
 65542 | Zot:1    | Killed Vv
 65739 | Zot:1    | Found a shimmering altar of Xom.
 65743 | Zot:1    | Found a shimmering altar of Xom.
 65743 | Zot:1    | Noticed a Killer Klown
 65761 | Zot:1    | Noticed a Killer Klown
 65771 | Zot:1    | Killed a Killer Klown
 65775 | Zot:1    | Killed a Killer Klown
 65864 | Zot:1    | Found a shimmering altar of Xom.
 65865 | Zot:1    | Found a shimmering altar of Xom.
 65865 | Zot:1    | Found a shimmering altar of Xom.
 65865 | Zot:1    | Found a shimmering altar of Xom.
 65865 | Zot:1    | Found a glowing silver altar of Zin.
 67202 | Zot:2    | Reached skill level 27 in Fighting
 67550 | Zot:2    | Noticed an orb of fire
 67562 | Zot:2    | Killed an orb of fire
 68440 | Zot:3    | You fall into a shaft and drop 1 floor!
 69267 | Zot:3    | Noticed Parghit
 69295 | Zot:3    | Killed Parghit
 70944 | Zot:5    | Entered Level 5 of the Realm of Zot
 71405 | Zot:5    | Noticed a dread lich
 71415 | Zot:5    | Killed a dread lich
 71575 | Zot:5    | Noticed an ancient lich
 71586 | Zot:5    | Killed an ancient lich
 71589 | Zot:5    | Noticed a Killer Klown
 71590 | Zot:5    | Noticed an orb of fire
 71597 | Zot:5    | Noticed a Killer Klown
 71598 | Zot:5    | Killed an orb of fire
 71602 | Zot:5    | Killed a Killer Klown
 71602 | Zot:5    | Noticed an ancient lich
 71614 | Zot:5    | Killed an ancient lich
 71619 | Zot:5    | Killed a Killer Klown
 71841 | Zot:5    | Noticed an orb of fire
 71859 | Zot:5    | Noticed a dread lich
 71860 | Zot:5    | Noticed an ancient lich
 71860 | Zot:5    | Noticed a Killer Klown
 71861 | Zot:5    | Noticed an ancient lich
 71862 | Zot:5    | Noticed a Killer Klown
 71865 | Zot:5    | Killed a dread lich
 71874 | Zot:5    | Killed an orb of fire
 71878 | Zot:5    | Killed an ancient lich
 71883 | Zot:5    | Killed an ancient lich
 71895 | Zot:5    | Killed a Killer Klown
 71997 | Zot:5    | Noticed an ancient lich
 72007 | Zot:5    | Killed an ancient lich
 72100 | Zot:5    | Killed a Killer Klown
 72484 | Zot:5    | Got the Orb of Zot
 72595 | Zot:2    | Gained mutation: Your magical capacity is low. (-10% MP) [a
                  | neqoxec]
 72606 | Zot:2    | Gained mutation: You occasionally shout uncontrollably at
                  | your foes. [a cacodemon]
 72676 | Depths:3 | Noticed Vubexi the pandemonium lord
 72689 | Depths:3 | Killed Vubexi the pandemonium lord
 72740 | Depths:1 | Noticed Pyaluz the pandemonium lord
 72757 | Depths:1 | Killed Pyaluz the pandemonium lord
 72842 | D:12     | Noticed Zoinebe the pandemonium lord
 72884 | D:12     | Killed Zoinebe the pandemonium lord
 72953 | D:9      | Noticed a seraph
 72970 | D:9      | Killed a seraph
 72984 | D:8      | Noticed Foxt the pandemonium lord
 72993 | D:8      | Killed Foxt the pandemonium lord
 73152 | D:$      | Escaped with the Orb!

Illustrated notes

Levels and vault maps discovered:
D:1:      matt_arrival_los_fun, layout_basic, minmay_misc_feat_columns,
          hangedman_abyss_or_decor_stabs, st_stairs_9, minivault_25
D:2:      layout_basic, basic_altar, minmay_split_cup_small
D:3:      layout_basic
D:4:      layout_rooms, minmay_fountain_box
D:5:      layout_basic, general_overflow_altar, minmay_temple_entry_grid
D:6:      kennysheep_big_flooded_room, layout_rooms, serial_glass,
          glass_columns_c, glass_columns_a, glass_columns_a, glass_columns_a,
          glass_columns_a, glass_columns_a, glass_columns_a, glass_columns_a,
          glass_columns_c, glass_columns_b, minmay_manual_mess
D:7:      layout_loops_corners, mainiacjoe_overflow_tiny_flanked
D:8:      layout_loops_corners, mainiacjoe_overflow_catch_the_wave,
          lemuel_coloured_pillars_altar, lemuel_crystal_altar, erik_lair_island,
          enter_bailey_4
D:9:      layout_roguey, orc_david_3, serial_corexii_hall,
          corexii_hall_statues_i, corexii_hall_statues_s,
          corexii_hall_statues_u, corexii_hall_statues_x, uniq_harold, uniq_grum
D:10:     layout_basic, serial_shops, kennysheep_mini_moat,
          palyth_stone_intersect, uniq_maurice
D:11:     nzn_winding_woodlands_three_and_one
          [nzn_winding_woodlands_5x15_river_crossing,
          nzn_winding_woodlands_5x15_crooked,
          nzn_winding_woodlands_5x15_split_checker,
          nzn_winding_woodlands_center_triple_pond], layout_cave_pools,
          tso_metal_star, uniq_nergalle
D:12:     layout_grid_maze, serial_glass, glass_columns_a, glass_columns_a,
          glass_columns_a, glass_columns_c
D:13:     layout_basic, ximxim_vaults_locker_room, nrook_campfire,
          chequers_garden, dk_noncrumbling_4, guppyfry_shop_blood
D:14:     layout_rooms, hex_intersection, chequers_serial_rivers_micro_c
D:15:     gammafunk_depths_entry_grave, layout_irregular_city
Temple:   eino_temple_scatter_basement
Lair:1:   layout_regular_city, gauntlet_entry_generic, worms_lemuel
Lair:2:   layout_chaotic_city, palyth_hydra_swamp_entry,
          grunt_forest_small_clearings, grunt_megastairs_4, uniq_amaemon
Lair:3:   layout_small_grid, minmay_snake_entry_six_corridors
Lair:4:   layout_regular_city, beast_lair_carwin_8
Lair:5:   gammafunk_lair_ancient_temple, layout_regular_city,
          dpeg_slime_entry_enclosed, hangedman_lair_unloving_vines,
          pdpol_lair_cavern_descent, grunt_megastairs_1, serial_bayou_shore_b
Swamp:1:  layout_falls_marsh, nicolae_swamp_godswood, swamp_pool4
Swamp:2:  layout_basic_swamp, nicolae_swamp_very_dense_foliage, swamp_pool1,
          nicolae_swamp_stuck_in_the_mud, uniq_aizul, uniq_frances
Swamp:3:  layout_basic_swamp, nicolae_swamp_feature_on_the_river_bank,
          swamp_pool2, nicolae_swamp_oklob_treasure_island, uniq_roxanne
Swamp:4:  swamp_pestilence, layout_basic_swamp, swamp_pool2, grunt_ruined_hall,
          infiniplex_staircase_pool
Snake:1:  layout_layer_cave, serial_shops, nicolae_shop_dealshenge,
          hellmonk_ghost_happy_afterlife, minmay_shoptagon, uniq_mlioglotl
Snake:2:  layout_grid_maze, uniq_vashnia
Snake:3:  layout_basic
Snake:4:  johnstein_snake_rune_scales, layout_concentric_octagons,
          serial_bayou_lagoon_a
Slime:1:  layout_caves
Slime:2:  layout_caves, nicolae_slime_rock_hall_of_fame
Slime:3:  layout_caves
Slime:4:  nicolae_slime_pool, layout_caves
Slime:5
Orc:1:    layout_caves, gammafunk_ghost_abyssal_escape, uniq_urug
Orc:2:    grunt_orc_community_town_hall, layout_diamond_mine,
          grunt_orc_community_big_house_1, grunt_orc_community_big_house_1,
          grunt_orc_community_house_2, grunt_orc_community_house_3,
          grunt_orc_community_house_2, grunt_orc_community_house_2,
          grunt_orc_community_house_1
Elf:1:    elf_arrival_002, layout_loops_corners, minmay_elf_crystal_hexagon,
          uniq_kirke
Elf:2:    elven_hall_of_blades_hangedman_original [grunt_blade_entry_basic],
          layout_rooms, serial_shops, nicolae_lakefront_shop,
          nicolae_trove_entry_crossroad, kennysheep_underground_church
Elf:3:    grunt_elf_hall_asides, layout_loops_cross, serial_co_window_serial,
          co_window_corner_a, co_window_paths_b, co_window_corner_a,
          co_window_paths_b, co_window_of_opportunity_a,
          co_window_of_opportunity_a, co_window_paths_a, co_window_corner_a,
          co_window_paths_b, co_window_unsneaky_path_d, co_window_corner_ca,
          co_window_corner_cb, co_window_corner_cb, glass_columns_c,
          basic_altar, nicolae_shop_clearance
Vaults:1: nicolae_vaults_little_squares_4, v_rooms_5, v_rooms_3,
          nicolae_vaults_closet_pinwheel_3, hangedman_vaults_maws,
          nicolae_vaults_network_barrier, grunt_vaults_funnel,
          ontoclasm_vaults_gateway, nicolae_vaults_offset_grid_hallway_2,
          layout_vaults_omnibox
Vaults:2: portal_desolation_entry_holy_temple, ontoclasm_vaults_ring_small,
          vaults_mumra_chevron_long, nicolae_vaults_house_2,
          vaults_room_large_hall, nicolae_vaults_specimen_jars,
          nicolae_vaults_border_crossing, nicolae_vaults_bisected_exclaves,
          v_misc_22, grunt_vaults_twisty, layout_vaults_ring
Vaults:3: minmay_crypt_entry_simple_statues, nicolae_vaults_storage_closets_3,
          nicolae_vaults_stepped_doors, nicolae_vaults_tetromino_L_1, v_misc_31,
          nicolae_vaults_variable_pillar_hall, grunt_vaults_hallway_short,
          layout_vaults_omnigrid, serial_shops, nicolae_shop_crystal,
          uniq_bai_suzhen
Vaults:4: grunt_vaults_diagonal, nicolae_vaults_circle_grid_b,
          ontoclasm_vaults_ring_small, v_misc_5, v_misc_2, v_misc_30,
          nicolae_vaults_diagonal_hallway_7, vaults_dpeg_ring,
          nicolae_vaults_security_offices_3, layout_vaults_chaotic_city,
          serial_shops, shop, uniq_margery
Crypt:1:  layout_chaotic_city
Crypt:2:  minmay_guarded_unrand_sceptre_of_torment, layout_rooms,
          ebering_ghost_gozag
Crypt:3:  lightli_unholy_cathedral, layout_chaotic_city,
          tomb_entry_shell_bobbens, minmay_strange_pillars, uniq_josephina
Depths:1: layout_cave_pools, grunt_decor_junction,
          pf_vacation_house_of_asmodeus, serial_column_ruins,
          column_ruins_portal_hut, column_ruins_square_large,
          column_ruins_circle_medium, column_ruins_columns_straight,
          column_ruins_open_tiny, column_ruins_corridor_straight,
          column_ruins_open_tiny, elyvilon_altar_1, serial_bayou_shore_b,
          minmay_shop_grove
Depths:2: minmay_spriggan_fort, layout_twisted_cross, hell_entry,
          rand_demon_pan_entry_8, dreamdust_wishing_well, nrook_mini_backslash
Depths:3: gammafunk_sealed_library, layout_cross, enter_ziggurat_b,
          minmay_misc_feat_alley, abyss_entry_flame_altar,
          grunt_pan_entry_sceptre, hell_entry, kennysheep_nondescript
Depths:4: grunt_zot_entry_alcove, layout_honeycomb, hell_entry,
          gammafunk_ghost_icy, nicolae_uskayaw_en_pointe, uniq_grunn
Zot:1:    dreamdust_zin_vs_xom, layout_gridlike, st_stairs_10, uniq_vv
Zot:2:    lemuel_halls_of_wrath, layout_onion_interference
Zot:3:    grunt_twist_and_shout, layout_cathedral_of_symmetry, zot_minivault_1,
          uniq_parghit
Zot:4:    layout_onion_interference, lemuel_flame_loot_1, grunt_megastairs_5
Zot:5:    layout_misc_corridors, skrybe_zot_glass_1

Skill      XL: |  1  2  3  4  5  6  7  8  9 10 11 12 13 14 15 16 17 18 19 20 21 22 23 24 25 26 27 |
---------------+----------------------------------------------------------------------------------+-----
Transmutations | 2 |  2.1
Air Magic      | 1 |  1.0
Maces & Flails | 1 2 4 5 7 11 14 15 17 19 20 21 23 25 27 | 27.0
Fighting       | 1 2 3 5 9 10 12 15 17 21 25 27 | 27.0
Evocations     | 2 5 |  5.0
Dodging        | 2 5 10 12 13 14 15 19 26 | 26.1
Armour         | 5 10 15 18 | 18.7
Conjurations   | 2 |  2.8
Invocations    | 5 10 | 10.0
Shields        | 8 9 15 | 15.0
Stealth        | |  2.4
Spellcasting   | |  2.1
Poison Magic   | |  4.0

Action                     |  1- 3 |  4- 6 |  7- 9 | 10-12 | 13-15 | 16-18 | 19-21 | 22-24 | 25-27 || total
---------------------------+-------+-------+-------+-------+-------+-------+-------+-------+-------++-------
  Melee: Unarmed           |     1 |       |       |       |       |       |       |       |       ||     1
         Whip              |    27 |    75 |   347 |   395 |       |       |       |       |       ||   844
         Dagger            |     2 |       |       |       |       |       |       |       |       ||     2
         Punch             |       |       |     5 |    10 |    13 |     9 |       |       |       ||    37
         Flail             |       |       |     5 |    14 |       |       |       |       |       ||    19
         Dire flail        |       |       |       |   252 |   807 |   126 |       |       |       ||  1185
         Eveningstar       |       |       |       |       |       |  1171 |   787 |       |       ||  1958
         Great mace        |       |       |       |       |       |       |   349 |  1405 |  2405 ||  4159
  Throw: Throwing net      |       |       |       |       |     1 |     1 |       |       |       ||     2
   Cast: Sting             |    48 |    22 |    44 |     5 |       |       |       |       |       ||   119
         Poisonous Vapours |     2 |    13 |    40 |    35 |       |       |       |       |       ||    90
         Mephitic Cloud    |       |       |     1 |     2 |       |       |       |       |       ||     3
 Invoke: Slouch            |       |       |       |       |       |    12 |    12 |    11 |    15 ||    50
         Temporal Distorti |       |       |       |       |       |     5 |       |     4 |     1 ||    10
Ability: Dig               |       |       |       |       |     3 |     3 |     5 |     2 |    11 ||    24
  Evoke: Wand              |       |       |     3 |     3 |     2 |    11 |     3 |     5 |     5 ||    32
         Lightning rod     |       |       |       |       |       |     6 |       |       |     4 ||    10
    Use: Scroll            |     1 |     5 |     8 |     8 |     7 |     5 |     7 |     4 |    19 ||    64
         Potion            |       |     2 |     2 |     1 |       |    14 |       |     2 |    11 ||    32
   Stab: Sleeping          |     1 |     5 |     8 |       |       |       |       |       |     2 ||    16
         Paralysed         |       |       |    11 |     7 |       |       |       |     1 |       ||    19
         Invisible         |       |       |       |    10 |       |     2 |       |     1 |       ||    13
         Confused          |       |       |       |     2 |       |       |       |       |       ||     2
         Distracted        |       |       |       |     1 |       |       |     4 |     2 |     2 ||     9
         Held in net/web   |       |       |       |       |     1 |     3 |       |       |       ||     4
 Armour: Robe              |     2 |    18 |    27 |       |       |       |       |       |       ||    47
         Leather armour    |       |       |    33 |    58 |       |       |       |       |       ||    91
         Plate armour      |       |       |       |   156 |   240 |   435 |   255 |   252 |    13 ||  1351
         Ice dragon scales |       |       |       |       |       |       |       |       |   448 ||   448
  Dodge: Dodged            |    21 |    33 |   152 |   361 |   375 |   858 |   677 |   808 |  1486 ||  4771
  Block: Kite shield       |       |       |       |       |       |   536 |   729 |   978 |  2180 ||  4423
         Reflection        |       |       |       |       |       |       |       |       |    39 ||    39
